 Dungeon Crawl Stone Soup version 0.30-a0-310-g7d6cbdfea6 (webtiles) character file.

Game seed: 4271227205893699718

8658 Lanoc the Carver (level 11, -5/89 (90) HPs)
             Began as a Barachi Berserker on Oct 24, 2022.
             Was a High Priest of Trog.
             Slain by a troll (10 damage)
             ... on level 9 of the Dungeon.
             The game lasted 00:20:20 (8907 turns).

Lanoc the Carver (Barachi Berserker)                Turns: 8907, Time: 00:20:20

HP:   -5/89 (90)    AC: 10    Str: 18    XL:     11   Next: 34%
MP:   11/11         EV: 17    Int:  8    God:    Trog [*****.]
Gold: 1573          SH:  0    Dex: 16    Spells: 10/10 levels left

rFire   . . .      SeeInvis .    w - +0 falchion (distort)
rCold   . . .      Faith    +    (no shield)
rNeg    . . .      Spirit   .    A - +2 robe {Will+}
rPois   .          Reflect  .    t - +0 helmet
rElec   .          Harm     .    d - +1 cloak
rCorr   .          Rampage  .    q - +0 pair of gloves
Will    ++...                    (no boots)
Stlth   +.........               p - amulet of faith
HPRegen 0.34/turn                N - +4 ring of slaying
MPRegen 0.12/turn                B - ring of willpower

@: about to teleport, on berserk cooldown, slowed, lightly drained, very slow
A: amphibious, slowness 1, strong legs 1, +LOS
a: Hop, Renounce Religion, Berserk, Trog's Hand, Brothers in Arms


You were on level 9 of the Dungeon.
You worshipped Trog.
Trog was extremely pleased with you.
You visited 1 branch of the dungeon, and saw 10 of its levels.
You also visited: Bailey.

You collected 1783 gold pieces.
You spent 210 gold pieces at shops.

Inventory:

Hand Weapons
 w - a +0 falchion of distortion (weapon)
 J - a +0 falchion of freezing
Missiles
 s - a throwing net
 G - 2 curare-tipped darts
Armour
 d - a +1 cloak (worn)
 q - a +0 pair of gloves (worn)
 t - a +0 helmet (worn)
 A - a +2 robe of willpower (worn)
 K - a +0 kite shield
Jewellery
 p - an amulet of faith (around neck)
 y - a +6 ring of strength
 B - a ring of willpower (right hand)
 L - a +6 ring of dexterity
 N - a +4 ring of slaying (left hand)
 P - a +4 ring of evasion
Wands
 l - a wand of light (11)
 v - a wand of paralysis (11)
 x - a wand of iceblast (5)
 M - a wand of digging (4)
Scrolls
 a - a scroll of magic mapping
 b - 5 scrolls of enchant armour
 c - 7 scrolls of vulnerability
 f - 3 scrolls of fear
 g - 7 scrolls of immolation
 h - 3 scrolls of poison
 i - 4 scrolls of amnesia
 k - 2 scrolls of enchant weapon
 m - 5 scrolls of teleportation
 o - 4 scrolls of blinking
 r - 2 scrolls of torment
 u - a scroll of brand weapon
 C - 3 scrolls of butterflies
 H - a scroll of summoning
Potions
 e - 6 potions of curing
 j - 4 potions of flight
 n - a potion of ambrosia
 z - 4 potions of heal wounds
 D - a potion of brilliance
 E - a potion of haste
 F - a potion of attraction
 I - a potion of invisibility
 O - 2 potions of mutation


   Skills:
 + Level 10.0 Fighting
 * Level 13.4 Long Blades
 + Level 9.6 Armour
 + Level 8.9 Dodging


You had 10 spell levels left.
You didn't know any spells.
Your spell library was empty.

Dungeon Overview and Level Annotations

Branches:
Dungeon (10/15)            Temple (0/1) D:4          Bailey (visited)
   Lair: D:8-11         Orc: D:9-12

Altars:
Ashenzari
Elyvilon
Hepliaklqana
Makhleb
Okawaru
Trog
Vehumet

Shops:
D:6 !(

Annotations:
Abyss:1 Lanoc's ghost, novice DECj


Innate Abilities, Weirdness & Mutations

You are amphibious.
You cover ground slowly.
You can hop short distances.
You have an extended range of vision and can be seen from far away.


Message History

You closely miss the vampire.
The vampire is severely damaged.
You hit the vampire.
The vampire is severely damaged.
The vampire blinks!
The slime creature quivers.
The vampire throws a stone.
The stone closely misses you.
You feel a strong urge to attack something.
The slime creature quivers.
You slash the vampire!
The vampire is devoured by a tear in reality.
The slime creature misses you.
You completely miss the slime creature. You punch the slime creature!
The slime creature is lightly wounded.
You are no longer berserk.
You are exhausted.
You feel yourself slow down. The troll attacks as you move away!
The troll bites you. The troll claws you!
The troll claws you but does no damage.
The slime creature hits you but does no damage.
The slime creature hits you.
The slime creature attacks as you move away!
The slime creature closely misses you. The troll misses you.
The troll closely misses you. The troll claws you!
There is a stone staircase leading up, spattered with blood here.
The slime creature completely misses you.
The troll bites you. The troll closely misses you. The troll claws you.
Two slime creatures merge to form a large slime creature.
You climb upwards.
There is a stone staircase leading down here.
As you read the scroll of teleportation, it crumbles to dust.
You feel strangely unstable. The troll closely misses you.
The troll completely misses you. The troll claws you.
The large slime creature completely misses you.
The troll misses you. The troll claws you!
The troll claws you but does no damage. The large slime creature hits you!!
* * * LOW HITPOINT WARNING * * *
The troll barely misses you. The troll misses you. The troll claws you!
You die...

#################################
..................#..............
..................#...........>..
..................#..............
................JT#..............
................@.#..............
..........:.......#.....#########
.##..###########'##.....#........
.######..###.....######'#........
...........#............#........
...........#............#........
...........#............#........
...........#............#.....#'#
...........#............#.....#..


You could see a large slime creature and a troll.

Vanquished Creatures
  2 vault guards (Bailey)
  2 gargoyles
  A hornet (D:9)
  Prince Ribbit (Bailey)
  Sigmund (D:2)
  4 humans (Bailey)
  A steam dragon (D:8)
  A water moccasin (D:7)
  5 orc warriors
  An ice beast (D:7)
  3 ogres (D:5)
  2 centaurs
  A phantom (D:6)
  4 kobold brigands
  14 bullfrogs
  A necrophage (D:5)
  2 scorpions
  A gnoll sergeant (D:9)
  7 wights (D:9)
  8 killer bees (D:9)
  A jelly (D:6)
  2 gnoll boudas
  5 hounds
  7 orc priests
  Natasha (thrice) (D:2)
  An iguana (D:6)
  9 orc wizards
  A statue (D:8)
  Robin (D:3)
  10 gnolls
  11 adders
  2 shadow imps (D:6)
  A worm (D:4)
  6 dart slugs
  45 orcs
  6 ball pythons
  3 endoplasms
  4 giant cockroaches
  22 goblins
  9 hobgoblins
  10 jackals
  4 quokkas
  10 bats
  4 frilled lizards
  24 kobolds
  4 rats
267 creatures vanquished.

Notes
Turn   | Place    | Note
-------+----------+-------------------------------------------
     0 | D:1      | Lanoc the Barachi Berserker began the quest for the Orb.
     0 | D:1      | Reached XP level 1. HP: 18/18 MP: 1/1
   108 | D:1      | Reached XP level 2. HP: 22/25 MP: 2/2
   150 | D:1      | Reached skill level 4 in Long Blades
   243 | D:1      | Reached XP level 3. HP: 29/30 MP: 3/3
   969 | D:2      | Noticed Sigmund
   974 | D:2      | Killed Sigmund
   975 | D:2      | Reached skill level 5 in Long Blades
   975 | D:2      | Reached XP level 4. HP: 38/38 MP: 4/4
   975 | D:2      | Reached XP level 5. HP: 43/43 MP: 5/5
   985 | D:2      | Noticed Natasha
  1022 | D:2      | Killed Natasha
  1073 | D:2      | Found an iron altar of Okawaru.
  1173 | D:2      | Reached XP level 6. HP: 49/49 MP: 6/6
  1298 | D:2      | Noticed Natasha
  1308 | D:2      | Killed Natasha
  1386 | D:2      | Reached ** piety under Trog
  1531 | D:2      | Noticed Natasha
  1540 | D:2      | Killed Natasha
  1541 | D:2      | Reached skill level 6 in Long Blades
  1902 | D:3      | Reached skill level 5 in Fighting
  2257 | D:3      | Identified the +1 helmet of Liatuuge {rF- Int+8}
  2257 | D:3      | Noticed Robin
  2283 | D:3      | Killed Robin
  2495 | D:4      | Found a staircase to the Ecumenical Temple.
  2584 | D:4      | Reached XP level 7. HP: 56/56 MP: 7/7
  2989 | D:4      | Found a white marble altar of Elyvilon.
  2992 | D:4      | Reached *** piety under Trog
  3167 | D:5      | Entered Level 5 of the Dungeon
  3257 | D:5      | Reached skill level 7 in Long Blades
  3262 | D:5      | Found a bloodstained altar of Trog.
  3299 | D:5      | Reached skill level 5 in Armour
  3422 | D:5      | Reached XP level 8. HP: 52/64 MP: 8/8
  3530 | D:5      | Reached skill level 5 in Dodging
  3553 | D:5      | Reached skill level 8 in Long Blades
  3602 | D:5      | You fall into a shaft and drop 3 floors!
  4022 | D:6      | Found Qeyl's Distillery.
  4032 | D:6      | Bought a potion of heal wounds for 70 gold pieces
  4032 | D:6      | Bought a potion of curing for 42 gold pieces
  4032 | D:6      | Bought a potion of might for 56 gold pieces
  4032 | D:6      | Bought a potion of curing for 42 gold pieces
  4058 | D:6      | Reached skill level 9 in Long Blades
  4061 | D:6      | Reached XP level 9. HP: 69/71 MP: 9/9
  4646 | D:5      | Found a broken altar of Ashenzari.
  4768 | D:6      | Noticed Lanoc's ghost (novice DECj)
  4770 | D:6      | Found a runed translucent door.
  4896 | D:6      | Found Zyaguol's Antique Weapon Shop.
  5027 | D:6      | Found an iron altar of Okawaru.
  5038 | D:6      | Reached **** piety under Trog
  5219 | D:6      | Banished Lanoc's ghost
  5220 | D:6      | Reached skill level 10 in Long Blades
  5267 | D:7      | Found Buety's Book Boutique.
  6163 | D:8      | Reached skill level 11 in Long Blades
  6163 | D:8      | Reached XP level 10. HP: 71/80 MP: 10/10
  6346 | D:8      | Found a radiant altar of Vehumet.
  6455 | D:9      | Identified a scroll of acquirement
  6459 | D:9      | Acquired 1167 gold pieces
  6508 | D:9      | Found a flagged portal.
  6519 | D:9      | Found a hazy altar of Hepliaklqana.
  6532 | Bailey   | Entered a bailey
  6790 | Bailey   | Noticed a vault guard
  6817 | Bailey   | Killed a vault guard
  6818 | Bailey   | Reached skill level 12 in Long Blades
  6932 | Bailey   | Noticed a vault guard
  6932 | Bailey   | Noticed Prince Ribbit
  6950 | Bailey   | Killed Prince Ribbit
  6976 | Bailey   | Killed a vault guard
  7408 | D:8      | Reached XP level 11. HP: 89/89 MP: 11/11
  7798 | D:9      | Reached skill level 13 in Long Blades
  8079 | D:9      | Found a burning altar of Makhleb.
  8142 | D:9      | Reached ***** piety under Trog
  8778 | D:10     | Entered Level 10 of the Dungeon
  8808 | D:10     | Reached skill level 10 in Fighting
  8907 | D:9      | Slain by a troll

Illustrated notes

Levels and vault maps discovered:
D:1:      lemuel_arrival_broad_hall, layout_basic
D:2:      layout_basic, basic_altar, uniq_natasha, uniq_sigmund
D:3:      kennysheep_goblin_castle, layout_rooms
D:4:      layout_loops_cross, mainiacjoe_overflow_24_doors, temple_pool_b,
          uniq_robin
D:5:      cheibrodos_quashed, layout_basic, mainiacjoe_overflow_brackets,
          mainiacjoe_overflow_alcove_4, minmay_circle_x
D:6:      layout_loops_ring, okawaru_altar_gauntlet_db,
          hellmonk_ghost_happy_afterlife, serial_shops, nicolae_shop_trees,
          minmay_shop_grid_forest, minivault_24
D:7:      layout_basic, serial_shops, nicolae_stop_n_shop_1,
          nrook_loot_triangle, minmay_fractal_squares_diagonal_5
D:8:      layout_basic, vehumet_statue, kennysheep_path_1
D:9:      layout_gridville, bloody_makhleb, nzn_hepliaklqana_mist_gate,
          enter_bailey_2, eino_jars
D:10:     layout_rooms, tgw_kikubaaqudgha, kennysheep_cross_bottleneck,
          hangedman_weighted_door, kennysheep_generic_room_13

Skill      XL: |  1  2  3  4  5  6  7  8  9 10 11 |
---------------+----------------------------------+-----
Long Blades    | 4 5 6 7 9 11 12 13 | 13.4
Fighting       | 4 5 6 8 9 10 | 10.0
Armour         | 3 4 5 6 7 9 |  9.6
Dodging        | 3 4 5 7 8 |  8.9

Action                   |  1- 3 |  4- 6 |  7- 9 | 10-12 || total
-------------------------+-------+-------+-------+-------++-------
Melee: Falchion          |    64 |   199 |   345 |   248 ||   856
       Punch             |       |     4 |     3 |     3 ||    10
Invok: Berserk           |     3 |     6 |    18 |    14 ||    41
 Abil: Hop               |       |       |       |     1 ||     1
Evoke: Wand              |       |       |       |     2 ||     2
  Use: Potion            |       |     4 |     6 |     2 ||    12
       Scroll            |       |       |       |    23 ||    23
 Stab: Sleeping          |     1 |     2 |       |       ||     3
Armor: Animal skin       |    21 |     3 |       |       ||    24
       Robe              |       |    85 |    89 |    84 ||   258
       Skin              |       |       |    24 |       ||    24
Dodge: Dodged            |    60 |   165 |   214 |   235 ||   674

Table legend: (Time is in decaauts)
 A = Elapsed time spent in this place.
 B = Non-inter-level travel time spent in this place.
 C = Inter-level travel time spent in this place.
 D = Time resting spent in this place.
 E = Time spent auto-exploring this place.
 F = Levels seen in this place.
 G = Mean time per level.
                   A        B        C        D        E       F      G
               +--------+--------+--------+--------+--------+-----+--------+
         Total |  10209 |   9816 |    393 |    313 |   7406 |  11 |  928.1 |
       Dungeon |   9573 |   9180 |    393 |    149 |   7194 |  10 |  957.3 |
        Bailey |    636 |    636 |      0 |    164 |    211 |   1 |  636.0 |
               +--------+--------+--------+--------+--------+-----+--------+

Top non-repeatable levels by time:
     D:9: 1691 daAuts
     D:6: 1173 daAuts
     D:1: 1128 daAuts
     D:7: 1063 daAuts
     D:3: 957 daAuts
     D:5: 928 daAuts
     D:8: 924 daAuts
     D:4: 863 daAuts
     D:2: 728 daAuts
  Bailey: 636 daAuts
    D:10: 114 daAuts
